 Dungeon Crawl Stone Soup version 0.16-a0-623-g20b2139 (webtiles) character file.

112 PolkaDot the Vexing (level 4, -5/30 HPs)
             Began as a Vampire Enchanter on Sept 18, 2014.
             Killed from afar by inmateoo's ghost (16 damage)
             ... with a stone arrow
             ... on Level 3 of the Dungeon.
             The game lasted 00:06:04 (1994 turns).

PolkaDot the Vexing (Vampire Enchanter)             Turns: 1994, Time: 00:06:04

HP  -5/30        AC  3     Str  7      XL: 4   Next: 64%
MP   7/7         EV 12     Int 18      God:
Gold 113         SH  0     Dex 14      Spells:  2 memorised,  4 levels left

rFire  . . .     SeeInvis +     a - +1 dagger
rCold  + . .     Clarity  .     b - +1 robe
rNeg   + + .     rCorr    .     (no shield)
rPois  +         rRot     +     (no helmet)
rElec  .         Spirit   .     (no cloak)
SustAb .         Warding  .     (no gloves)
rMut   .         Stasis   .     (no boots)
Gourm  .                        (no amulet)
MR     .....                    (no ring)
                                (no ring)

@: very slightly contaminated, regenerating slowly, not resistant to hostile
enchantments, stealthy
A: fangs 3, see invisible, unbreathing
a: Bat Form


You were on level 3 of the Dungeon.
You were very thirsty.

You visited 1 branch of the dungeon, and saw 3 of its levels.

You collected 113 gold pieces.

Inventory:

Hand weapons
 a - a +1 dagger (weapon)
Armour
 b - a +1 robe (worn)
Scrolls
 k - 2 scrolls of magic mapping {unknown}
 l - a scroll of random uselessness {unknown}
Potions
 d - a potion of blood {@*1}
 e - a potion of brilliance {unknown}
 f - 2 potions of might {unknown}
 g - a potion of flight {unknown}
 h - a potion of haste {unknown}
 j - 2 potions of restore abilities {unknown}
 m - a potion of poison {unknown}
 n - a potion of curing {unknown}
 o - a potion of mutation {unknown}
Books
 c - a book of Maledictions

   Spells                             Type                      Level
   *Corona                            Hexes                        1
   Sure Blade                         Hexes/Charms                 2
   *Ensorcelled Hibernation           Hexes/Ice                    2
   Confuse                            Hexes                        3
   Dazzling Spray                     Conjuration/Hexes            3
   Enslavement                        Hexes                        4


   Skills:
 + Level 2.5 Short Blades
 - Level 2.1 Dodging
 + Level 5.6 Stealth
 - Level 2.0 Spellcasting
 * Level 5.9 Hexes
 - Level 1.2 Ice Magic


You had 4 spell levels left.
You knew the following spells:

 Your Spells              Type           Power        Failure   Level  Hunger
a - Corona                Hex            ###....      1%          1    #......
d - Ensorcelled Hibernat  Hex/Ice        ##....       8%          2    ##.....


Dungeon Overview and Level Annotations

Branches:
Dungeon (3/15)

Altars:
Cheibriados

Annotations:
D:3 inmateoo's ghost, experienced MfEE


Innate Abilities, Weirdness & Mutations

You heal slowly.
You have razor-sharp teeth.
You have supernaturally acute eyesight.
You can survive without breathing.


Message History

* * * LOW HITPOINT WARNING * * *
Drink which item? (? for menu, Esc to quit)
Okay, then.
You see here 17 gold pieces.
Read which item? (? for menu, Esc to quit)
Blink to where?
Press: ? - help, Dir - move target cursor
As you read the scroll labeled ULI WEHABUITZ, it crumbles to dust.
You are very lightly contaminated with residual magic.
It was a scroll of blinking.
Unknown command.
Things that are here:
a hand axe; a robe You open the door.
There is an open door here.
You close the door.
Inmateoo's ghost casts a spell at you. The stone arrow hits you!
Ouch! That really hurt!
You die...

...................#
##.#.#....########.######
##.#.#.##......###......##
...............+...>.......
.###...........#...#####.#
.# #.#.#.#.....#W#.# .#
#.#.#.#.........# .#
#.#.#.#.#####.#...... .#
#.#.#.#.# #@#..###
.###.#.#.#.#####.#..#
.................#..#
.###.#.#########.#.
..<..............#
.###.#.########### .#
#.#.##### .# #%......#
.#####.###.#


You could see inmateoo's ghost.

Vanquished Creatures
  2 gnolls (D:1)
  5 adders
  An ooze (D:2)
  9 goblins
  5 hobgoblins
  4 jackals (D:1)
  2 ball pythons
  6 bats
  A giant cockroach (D:2)
  A giant gecko (D:1)
  A giant newt (D:2)
  5 kobolds
  6 rats
48 creatures vanquished.

Notes
Turn   | Place    | Note
--------------------------------------------------------------
     0 | D:1      | PolkaDot, the Vampire Enchanter, began the quest for the Orb.
     0 | D:1      | Reached XP level 1. HP: 13/13 MP: 3/3
    18 | D:1      | Reached XP level 2. HP: 19/19 MP: 4/4
    52 | D:1      | Reached skill level 5 in Hexes
   132 | D:1      | Learned a level 2 spell: Ensorcelled Hibernation
   134 | D:1      | Reached skill level 1 in Ice Magic
   303 | D:1      | Reached XP level 3. HP: 24/24 MP: 0/6
   679 | D:2      | Reached skill level 5 in Stealth
  1109 | D:2      | Reached XP level 4. HP: 25/30 MP: 7/7
  1354 | D:2      | Found a snail-covered altar of Cheibriados.
  1962 | D:3      | Noticed inmateoo's ghost (experienced MfEE)
  1994 | D:3      | Killed from afar by inmateoo's ghost

Action                   |  1- 3 |  4- 6 || total
-------------------------+-------+-------++-------
Melee: Dagger            |    75 |    38 ||   113
 Cast: Ensorcelled Hiber |     5 |     4 ||     9
  Use: Scroll            |       |     1 ||     1
 Stab: Sleeping          |    11 |    10 ||    21
